 Dungeon Crawl Stone Soup version 0.28.0-43-g3370ac3207 (webtiles) character file.

Game seed: 6500239970910875103

2472 jimonade the Poker (level 9, -1/74 HPs)
             Began as a Gnoll Cinder Acolyte on Mar 12, 2022.
             Was a High Priest of Ignis.
             Hit by a large rock thrown by a cyclops (39 damage)
             ... on level 8 of the Dungeon.
             The game lasted 00:30:35 (11003 turns).

jimonade the Poker (Gnoll Cinder Acolyte)          Turns: 11003, Time: 00:30:35

Health: -1/74      AC:  9    Str: 15    XL:     9   Next: 51%
Magic:  16/16      EV: 11    Int: 22    God:    Ignis [*****.]
Gold:   359        SH:  0    Dex:  8    Spells: 16/18 levels left

rFire   + . .      SeeInvis .   h - +3 spear (flame)
rCold   . . .      Faith    .   (no shield)
rNeg    . . .      Spirit   .   z - +0 ring mail
rPois   .          Reflect  .   n - +1 helmet
rElec   .          Harm     .   t - +0 cloak
rCorr   .          Rampage  .   (no gloves)
Will    .....                   (no boots)
Stlth   ++........              (no amulet)
HPRegen 0.22/turn               A - +6 ring of intelligence
MPRegen 0.15/turn               (no ring)

@: no status effects
A: fangs 1, strong nose, distributed training
a: Renounce Religion, Fiery Armour, Foxfire Swarm, Rising Flame


You were on level 8 of the Dungeon.
You worshipped Ignis.
Ignis was extremely pleased with you.
You visited 1 branch of the dungeon, and saw 8 of its levels.

You collected 359 gold pieces.

Inventory:

Hand Weapons
 a - a -1 spear of flaming
 h - a +3 spear of flaming (weapon)
 p - the +3 whip of Bixirikatu {freeze, Stlth+}
   (You found it on level 2 of the Dungeon)

   It freezes those it strikes, dealing additional cold damage.
   It can also slow down cold-blooded creatures.
   Stlth:     It makes you more stealthy.
 s - a +4 quarterstaff of chaos
 v - a +4 dagger
 C - a +0 hunting sling
 I - a +3 short sword of speed
 K - a +3 scimitar
 V - a +4 longbow
 W - a +0 hand crossbow
Missiles
 c - 2 curare-tipped darts
 g - 11 javelins
 m - 221 stones
 q - 161 arrows
 r - 10 poisoned darts
 E - 12 sling bullets
 M - 5 boomerangs
 X - 31 bolts
Armour
 d - a +0 helmet
 n - a +1 helmet (worn)
 t - a +0 cloak (worn)
 z - a +0 ring mail (worn)
 J - a +1 chain mail of cold resistance
 S - a +0 scale mail
Magical Staves
 H - a staff of death
Jewellery
 A - a +6 ring of intelligence (left hand)
 U - a ring of fire
Wands
 b - a wand of acid (7)
 F - a wand of digging (9)
 O - a wand of iceblast (13)
Scrolls
 e - a scroll of enchant weapon {unknown}
 j - a scroll of blinking {unknown}
 l - a scroll of enchant armour {unknown}
 o - a scroll of immolation {unknown}
 u - a scroll of magic mapping {unknown}
 w - 3 scrolls of amnesia
 y - 2 scrolls of identify
 B - a scroll of vulnerability {unknown}
 D - a scroll of summoning {unknown}
 G - a scroll of noise {unknown}
 N - 2 scrolls of silence {unknown}
 R - a scroll of fog
Potions
 f - a potion of brilliance {unknown}
 i - a potion of heal wounds {unknown}
 k - a potion of degeneration
 x - 3 potions of haste {unknown}
 L - 2 potions of curing {unknown}
 P - a potion of magic {unknown}
 T - a potion of invisibility


   Skills:
 + Level 7.9 Fighting
 + Level 4.3 Short Blades
 + Level 4.3 Long Blades
 + Level 4.3 Axes
 + Level 4.3 Maces & Flails
 + Level 7.9 Polearms
 + Level 4.3 Staves
 + Level 4.3 Slings
 + Level 4.3 Bows
 + Level 4.3 Crossbows
 + Level 4.3 Throwing
 + Level 4.3 Armour
 + Level 4.3 Dodging
 + Level 4.3 Stealth
 + Level 4.3 Shields
 + Level 4.3 Unarmed Combat
 + Level 5.2 Spellcasting
 + Level 3.5 Conjurations
 + Level 3.5 Hexes
 + Level 3.5 Summonings
 + Level 3.5 Necromancy
 + Level 3.5 Translocations
 + Level 3.5 Transmutations
 + Level 6.6 Fire Magic
 + Level 3.5 Ice Magic
 + Level 3.5 Air Magic
 + Level 3.5 Earth Magic
 + Level 3.5 Poison Magic
 + Level 4.7 Invocations
 + Level 4.3 Evocations


You had 16 spell levels left.
You knew the following spells:

 Your Spells              Type           Power      Damage    Failure   Level
a - Scorch                Fire           68%        2d8       1%          2

Your spell library contained the following spells:

 Spells                   Type           Power      Damage    Failure   Level
 Summon Small Mammal      Summ           84%        N/A       4%          1
 Call Canine Familiar     Summ           21%        N/A       13%         3
 Summon Guardian Golem    Hex/Summ       21%        N/A       13%         3
 Orb of Destruction       Conj           10%        9d6       100%        7
 Spellforged Servitor     Conj/Summ      10%        N/A       100%        7


Dungeon Overview and Level Annotations

Branches:
Dungeon (8/15)             Temple (0/1) D:5
   Lair: D:8-11

Altars:
Qazlal
Wu Jian
Yredelemnul
The Shining One

Shops:
D:3 ?


Innate Abilities, Weirdness & Mutations

You have very sharp teeth.
Your uncanny sense of smell can sniff out nearby items.
Your experience applies equally to all skills.


Message History

You hit something. You burn something. Your bite misses something.
Something hits you but does no damage.
You miss something. Your punch misses something.
Something hits you but does no damage.
You hit something. You burn something. Something hits you but does no damage.
You closely miss something. Your bite misses something. You hit something.
You burn something. Your bite misses something.
Something hits you but does no damage.
You puncture something! You burn something.
Reactivating autopickup.
You feel a bit more experienced.
You see here a sky beast corpse.
Press: ? - help, v - describe, . - travel Some shallow water, summoned.
Unknown command.
You start resting.
HP restored.
You open the door.
There is an open door here.
You open the door.
There is an open door here.
Found 5 boomerangs.
F - a wand of digging (9)
There are no items here.
You see here 5 boomerangs.
M - 5 boomerangs You open the door.
There is an open door here.
An orc comes into view. It is wielding a +0 short sword.
An orc warrior, an orc priest and a cyclops come into view.
The cyclops throws a large rock.
The large rock hits you!!!
Ouch! That really hurt!
There is an open door here.
You close the door.
There is an open door here.
As you close the door, it creaks loudly!
There is a stone staircase leading down here.
The cyclops throws a large rock.
The large rock hits you!!!
Ouch! That really hurt!
You die...

#......#.........##
#......#+#####+####
######............#
#............#
#............#
#......C.....#+
∆#####..C...........
#.....###'#######..
+.@...'....# ..
#.....#....# ..
#.....#....# C.
###.....#...## ..
#.......#...#
#.......#...#
#.......#..†#
#.......#...#######
#.......#...#.....#


You could see a cyclops.

Vanquished Creatures
  A steam dragon (D:5)
  Edmund (D:6)
  A water moccasin (D:7)
  5 sky beasts
  A necrophage (D:6)
  An ogre (D:5)
  3 centaurs
  A phantom (D:5)
  A kobold brigand (D:6)
  Blork the orc (D:6)
  3 scorpions
  3 wights (D:6)
  A howler monkey (D:5)
  A bullfrog zombie (D:5)
  Crazy Yiuf (D:2)
  A gnoll shaman (D:6)
  3 hounds
  2 jellies
  A scorpion zombie (D:5)
  2 hound zombies (D:5)
  A hound skeleton (D:5)
  Robin (D:2)
  2 howler monkey zombies
  18 gnolls
  6 adders
  2 white imps
  An adder zombie (D:5)
  3 dart slugs
  15 orcs
  6 bats
  5 endoplasms
  2 giant cockroaches (D:1)
  22 goblins
  8 hobgoblins
  5 quokkas
  4 ball pythons
  A frilled lizard (D:2)
  13 kobolds
  4 rats
153 creatures vanquished.

Vanquished Creatures (others)
  7 plants (D:5)
7 creatures vanquished.

Grand Total: 160 creatures vanquished

Notes
Turn   | Place    | Note
-------+----------+-------------------------------------------
     0 | D:1      | jimonade the Gnoll Cinder Acolyte began the quest for the
                  | Orb.
     0 | D:1      | Reached XP level 1. HP: 23/23 MP: 4/4
   186 | D:1      | Reached XP level 2. HP: 29/29 MP: 5/5
   192 | D:1      | Learned a level 2 spell: Scorch
   314 | D:1      | Found a faded altar of an unknown god.
  1006 | D:2      | Reached XP level 3. HP: 35/35 MP: 1/7
  1013 | D:2      | Reached skill level 1 in Invocations
  1022 | D:2      | Reached skill level 1 in Short Blades
  1022 | D:2      | Reached skill level 1 in Long Blades
  1022 | D:2      | Reached skill level 1 in Axes
  1022 | D:2      | Reached skill level 1 in Maces & Flails
  1022 | D:2      | Reached skill level 1 in Staves
  1022 | D:2      | Reached skill level 1 in Slings
  1022 | D:2      | Reached skill level 1 in Bows
  1022 | D:2      | Reached skill level 1 in Crossbows
  1022 | D:2      | Reached skill level 1 in Throwing
  1022 | D:2      | Reached skill level 1 in Armour
  1022 | D:2      | Reached skill level 1 in Dodging
  1022 | D:2      | Reached skill level 1 in Stealth
  1022 | D:2      | Reached skill level 1 in Shields
  1022 | D:2      | Reached skill level 1 in Unarmed Combat
  1022 | D:2      | Reached skill level 1 in Evocations
  1338 | D:2      | Reached XP level 4. HP: 41/41 MP: 1/8
  1517 | D:2      | Noticed Robin
  1523 | D:2      | Killed Robin
  1739 | D:2      | Reached skill level 1 in Conjurations
  1739 | D:2      | Reached skill level 1 in Hexes
  1739 | D:2      | Reached skill level 1 in Summonings
  1739 | D:2      | Reached skill level 1 in Necromancy
  1739 | D:2      | Reached skill level 1 in Translocations
  1739 | D:2      | Reached skill level 1 in Transmutations
  1739 | D:2      | Reached skill level 1 in Ice Magic
  1739 | D:2      | Reached skill level 1 in Air Magic
  1739 | D:2      | Reached skill level 1 in Earth Magic
  1739 | D:2      | Reached skill level 1 in Poison Magic
  1751 | D:2      | Reached XP level 5. HP: 41/47 MP: 1/9
  1770 | D:2      | Identified the +3 whip of Bixirikatu {freeze, Stlth+}
  2222 | D:2      | Found a runed translucent door.
  2223 | D:2      | Noticed Crazy Yiuf
  2231 | D:2      | Killed Crazy Yiuf
  2974 | D:3      | Found Qerch's Magic Scroll Boutique.
  3237 | D:3      | Found a faded altar of an unknown god.
  3346 | D:3      | Found an ornate altar of the Wu Jian Council.
  3803 | D:4      | Reached XP level 6. HP: 47/53 MP: 7/10
  4092 | D:4      | Found a stormy altar of Qazlal.
  4873 | D:5      | Entered Level 5 of the Dungeon
  4873 | D:5      | Found a glowing golden altar of the Shining One.
  5206 | D:5      | Reached XP level 7. HP: 57/59 MP: 12/12
  6069 | D:5      | Found a staircase to the Ecumenical Temple.
  6361 | D:5      | Found a basalt altar of Yredelemnul.
  6975 | D:6      | Noticed Blork the orc
  6983 | D:6      | Killed Blork the orc
  6984 | D:6      | Reached XP level 8. HP: 67/67 MP: 1/14
  8605 | D:6      | Noticed Edmund
  8668 | D:6      | Killed Edmund
  8832 | D:6      | Reached XP level 9. HP: 72/72 MP: 11/16
  9691 | D:7      | Reached skill level 5 in Spellcasting
 10980 | D:8      | Noticed a cyclops
 11003 | D:8      | Hit by a large rock thrown by a cyclops

Illustrated notes

Levels and vault maps discovered:
D:1:      matt_arrival_refuge, layout_basic,
          dreamdust_ecumenical_altar_angels_and_demons
D:2:      layout_loops_ring, uniq_crazy_yiuf_cottage, uniq_robin
D:3:      layout_basic, nicolae_overflow_ecumenical_swirl, serial_shops, shop,
          nrook_mini_vaults, st_stairs_12
D:4:      layout_loops_corners, lemuel_coloured_pillars_altar
D:5:      layout_loops_ring, mainiacjoe_overflow_boulevard,
          nicolae_yredelemnul_corpse_copse, minmay_temple_entry_overgrown,
          serial_glass, glass_columns_b, glass_columns_a, glass_columns_a,
          glass_columns_b
D:6:      layout_basic, uniq_blork_the_orc, uniq_edmund
D:7:      corexii_shack_village, layout_gridville, chequers_serial_rivers_room_a
D:8:      layout_gridville

Skill      XL: |  1  2  3  4  5  6  7  8  9 |
---------------+----------------------------+-----
Invocations    | 1 2 3 4 |  4.7
Short Blades   | 1 2 3 4 |  4.3
Long Blades    | 1 2 3 4 |  4.3
Axes           | 1 2 3 4 |  4.3
Maces & Flails | 1 2 3 4 |  4.3
Staves         | 1 2 3 4 |  4.3
Slings         | 1 2 3 4 |  4.3
Bows           | 1 2 3 4 |  4.3
Crossbows      | 1 2 3 4 |  4.3
Throwing       | 1 2 3 4 |  4.3
Armour         | 1 2 3 4 |  4.3
Dodging        | 1 2 3 4 |  4.3
Stealth        | 1 2 3 4 |  4.3
Shields        | 1 2 3 4 |  4.3
Unarmed Combat | 1 2 3 4 |  4.3
Evocations     | 1 2 3 4 |  4.3
Spellcasting   | 3 4 5 |  5.2
Conjurations   | 1 2 3 |  3.5
Hexes          | 1 2 3 |  3.5
Summonings     | 1 2 3 |  3.5
Necromancy     | 1 2 3 |  3.5
Translocations | 1 2 3 |  3.5
Transmutations | 1 2 3 |  3.5
Ice Magic      | 1 2 3 |  3.5
Air Magic      | 1 2 3 |  3.5
Earth Magic    | 1 2 3 |  3.5
Poison Magic   | 1 2 3 |  3.5
Fighting       | 7 |  7.9
Polearms       | 7 |  7.9
Fire Magic     | 6 |  6.6

Action                   |  1- 3 |  4- 6 |  7- 9 || total
-------------------------+-------+-------+-------++-------
Melee: Spear             |    21 |    94 |    70 ||   185
       Bite              |     2 |     6 |     3 ||    11
       Short sword       |    14 |       |       ||    14
       Punch             |       |       |     1 ||     1
Throw: Dart              |     2 |       |       ||     2
 Cast: Scorch            |    15 |    44 |   127 ||   186
  Use: Scroll            |       |     2 |     1 ||     3
 Stab: Sleeping          |       |     3 |       ||     3
       Distracted        |       |     1 |       ||     1
Armor: Robe              |     7 |     6 |       ||    13
       Ring mail         |       |     5 |    50 ||    55
Dodge: Dodged            |    21 |    39 |    59 ||   119
